 Dungeon Crawl Stone Soup version 0.30-a0-297-g0ec75d9ef4 (console) character file.

Game seed: 6792621811092445471

2143 jejorda2 the Spear-Bearer (level 9, -8/69 HPs)
             Began as a Merfolk Berserker on Oct 18, 2022.
             Was a Believer of Trog.
             Mangled by a green ugly thing (10 damage)
             ... on level 7 of the Dungeon.
             The game lasted 00:10:34 (5064 turns).

jejorda2 the Spear-Bearer (Merfolk Berserker)       Turns: 5064, Time: 00:10:34

Health: -8/69      AC: 12    Str: 21    XL:     9   Next: 30%
Magic:  0/9        EV:  7    Int:  6    God:    Trog [**....]
Gold:   277        SH:  0    Dex: 14    Spells: 8/8 levels left

rFire   . . .      SeeInvis .    a - +0 glaive
rCold   . . .      Faith    .    (shield currently unavailable)
rNeg    . . .      Spirit   +    C - +0 plate armour
rPois   .          Reflect  .    (no helmet)
rElec   .          Harm     .    (no cloak)
rCorr   .          Rampage  .    (no gloves)
Will    +++..                    (no boots)
Stlth   ..........               q - amulet of guardian spirit
HPRegen 1.31/turn                p - ring of willpower
MPRegen 0.11/turn                (no ring)

@: lethally poisoned (-8 -> -8), strong-willed, regenerating
A: (nimble swimmer 2), mertail
a: Renounce Religion, Berserk, Trog's Hand


You were on level 7 of the Dungeon.
You worshipped Trog.
Trog was pleased with you.
You visited 1 branch of the dungeon, and saw 7 of its levels.

You collected 277 gold pieces.

Inventory:

Hand Weapons
 a - a +0 glaive (weapon)
 b - a +0 spear
Missiles
 y - 2 boomerangs of dispersal
 A - 2 boomerangs
 B - 29 stones (quivered)
Armour
 C - a +0 plate armour (worn)
Jewellery
 p - a ring of willpower (left hand)
 q - an amulet of guardian spirit (around neck)
Scrolls
 d - 8 scrolls of identify {unknown}
 e - 6 scrolls of teleportation {unknown}
 i - a scroll of torment {unknown}
 j - 3 scrolls of magic mapping {unknown}
 k - 3 scrolls of vulnerability {unknown}
 l - 2 scrolls of fear {unknown}
 m - a scroll of silence {unknown}
 n - a scroll of amnesia {unknown}
 o - a scroll of immolation {unknown}
 s - 3 scrolls of summoning {unknown}
 t - 2 scrolls of enchant armour {unknown}
 v - 2 scrolls of poison {unknown}
 w - a scroll of fog {unknown}
 x - a scroll of blinking {unknown}
Potions
 c - 3 potions of flight {unknown}
 f - a potion of haste {unknown}
 g - 4 potions of curing {unknown}
 h - 4 potions of heal wounds {unknown}
 r - a potion of might {unknown}
 u - 2 potions of ambrosia {unknown}
 z - a potion of degeneration {unknown}


   Skills:
 - Level 6.0 Fighting
 * Level 12.4 Polearms
 + Level 5.0 Armour
 - Level 2.6 Dodging


You had 8 spell levels left.
You didn't know any spells.
Your spell library was empty.

Dungeon Overview and Level Annotations

Branches:
Dungeon (7/15)             Temple (0/1) D:4

Altars:
Ashenzari
Cheibriados
Ru
Yredelemnul

Annotations:
D:6 exclusion: two-headed ogre


Innate Abilities, Weirdness & Mutations

((You are very nimble when in or above water. (Stealth+, EV+, Speed+++)))
Your lower body shifts to a powerful aquatic tail in water.


Message History

The orc wizard is severely wounded.
You feel very sick.
The orc wizard hits you with a +2 dagger of venom.
You slice the orc wizard!!
You kill the orc wizard!
Trog accepts your kill.
Trog appreciates your killing of a magic user.
You recover from your berserk rage.
You feel very sick. The troll bites you! The troll claws you.
The troll claws you but does no damage.
You closely miss the troll.
You feel very sick. The troll bites you!
The troll claws you but does no damage. The troll claws you!
* * * LOW HITPOINT WARNING * * *
You slice the troll!!
The troll is heavily wounded.
You feel very sick. The troll bites you but does no damage.
The troll claws you but does no damage. The troll claws you.
* * * LOW HITPOINT WARNING * * *
You hit the troll but do no damage.
The troll is heavily wounded.
You feel sick. The troll bites you but does no damage.
The troll claws you but does no damage. x2
You slice the troll!!
The troll is almost dead.
You feel sick. The troll bites you!
* * * LOW HITPOINT WARNING * * *
The troll claws you but does no damage. The troll barely misses you.
You slice the troll!!
You kill the troll!
Trog accepts your kill.
The troll leather armour is intact enough to wear.
You feel sick.
Your Armour skill increases to level 5!
You closely miss the green ugly thing.
You feel sick. The green ugly thing claws you!
You die...

.......)........####.#........###
.......##........[...#...........
#####...................).....###
##.###.........###........### #.
#.....#'#............... #.
#.##..#.#..###.......###
#.###....##.##.#######.###
.....^...#...#..# #.#
#.###...##.@.##.## #.#
#.......#.#u#.#.†# #.#
...####.##.#.#.##.## #.#
#..#.##T##.#..####.#
##.##.#...#.##....#.#
##..#.##...##.#..#...#
#..##.#=...?#.##..#.## #.
##.##.######### ##...#
#.###..#..# ##..#


You could see a green ugly thing and a troll.

Vanquished Creatures
  A troll (D:7)
  A wraith (D:7)
  A basilisk (D:6)
  Edmund (D:6)
  A water moccasin (D:7)
  An orc warrior (D:7)
  A black bear (D:5)
  An ogre (D:5)
  A centaur (D:5)
  A phantom (D:4)
  2 bullfrogs (D:7)
  2 necrophages (D:7)
  3 scorpions
  A howler monkey (D:5)
  2 hounds
  A jelly (D:6)
  2 orc priests
  4 iguanas
  4 orc wizards
  5 adders
  3 shadow imps
  2 white imps
  An ufetubus (D:5)
  4 worms
  2 dart slugs
  15 orcs
  5 endoplasms
  5 giant cockroaches
  5 goblins
  8 hobgoblins
  8 jackals
  3 quokkas
  7 ball pythons
  A bat (D:1)
  3 frilled lizards
  5 kobolds
  7 rats
120 creatures vanquished.

Notes
Turn   | Place    | Note
-------+----------+-------------------------------------------
     0 | D:1      | jejorda2 the Merfolk Berserker began the quest for the Orb.
     0 | D:1      | Reached XP level 1. HP: 18/18 MP: 1/1
    58 | D:1      | Found a faded altar of an unknown god.
   246 | D:1      | Reached XP level 2. HP: 24/24 MP: 2/2
   766 | D:2      | Reached XP level 3. HP: 24/29 MP: 3/3
   818 | D:2      | Noticed a scorpion
   838 | D:2      | Killed a scorpion
   839 | D:2      | Reached skill level 5 in Polearms
   839 | D:2      | Reached XP level 4. HP: 37/37 MP: 4/4
  1064 | D:2      | Reached ** piety under Trog
  1228 | D:2      | Reached XP level 5. HP: 42/42 MP: 5/5
  1283 | D:2      | Reached skill level 6 in Polearms
  2160 | D:4      | Found a staircase to the Ecumenical Temple.
  2280 | D:4      | Reached XP level 6. HP: 35/49 MP: 1/6
  2410 | D:4      | Found a snail-covered altar of Cheibriados.
  2432 | D:4      | Reached skill level 7 in Polearms
  3056 | D:5      | Entered Level 5 of the Dungeon
  3071 | D:5      | Reached skill level 5 in Fighting
  3071 | D:5      | Reached XP level 7. HP: 56/56 MP: 7/7
  3260 | D:5      | Found a broken altar of Ashenzari.
  3286 | D:5      | Reached skill level 8 in Polearms
  4084 | D:6      | Reached skill level 9 in Polearms
  4124 | D:6      | Reached XP level 8. HP: 42/64 MP: 5/8
  4197 | D:6      | Noticed Edmund
  4210 | D:6      | Killed Edmund
  4539 | D:6      | Reached skill level 10 in Polearms
  4564 | D:6      | Noticed a two-headed ogre
  4640 | D:7      | Found a sacrificial altar of Ru.
  4675 | D:7      | Reached skill level 11 in Polearms
  4726 | D:7      | Found a basalt altar of Yredelemnul.
  4759 | D:7      | Noticed a wraith
  4771 | D:7      | Killed a wraith
  4775 | D:7      | Reached XP level 9. HP: 69/69 MP: 7/9
  4963 | D:7      | Reached skill level 12 in Polearms
  5012 | D:7      | Noticed a troll
  5012 | D:7      | Noticed a troll
  5012 | D:7      | Noticed a green ugly thing
  5016 | D:7      | Found a runed translucent door.
  5062 | D:7      | HP: 2/69 [troll (10)]
  5063 | D:7      | Killed a troll
  5064 | D:7      | Reached skill level 5 in Armour
  5064 | D:7      | Mangled by a green ugly thing

Illustrated notes

Levels and vault maps discovered:
D:1:      dpeg_arrival_renting, layout_loops_cross,
          chequers_ecumenical_altar_island, chequers_hall_statues_y,
          grunt_decor_junction
D:2:      layout_loops_ring, hex_medium
D:3:      layout_rooms, moated_statue, minmay_misc_feat_x
D:4:      layout_loops_ring, nicolae_overflow_crystal_walls,
          minmay_temple_entry_hall
D:5:      layout_basic, ashenzari_altar_1, roderic_cross_of_infinity
D:6:      layout_rooms, minmay_misc_feat_doors, hangedman_glass_teeth,
          hangedman_minor_gate_pass, uniq_edmund
D:7:      minmay_the_grid_triangle_9x9_recursive_2
          [minmay_the_grid_triangle_9x9_prize_special,
          minmay_the_grid_triangle_9x9_descending_squares,
          minmay_the_grid_triangle_9x9_thin_v,
          minmay_the_grid_triangle_9x9_subtriangle], layout_loops_ring,
          jmf_multi_god_temple, grunt_temple_overflow_open

Skill      XL: |  1  2  3  4  5  6  7  8  9 |
---------------+----------------------------+-----
Fighting       | 4 5 6 |  6.0
Polearms       | 5 6 7 9 11 12 | 12.4
Armour         | 2 3 4 5 |  5.0
Dodging        | |  2.6

Action                   |  1- 3 |  4- 6 |  7- 9 || total
-------------------------+-------+-------+-------++-------
Melee: Spear             |    71 |   265 |   224 ||   560
       Punch             |       |     2 |     2 ||     4
       Glaive            |       |       |    49 ||    49
Throw: Stone             |     1 |     4 |     5 ||    10
Invok: Berserk           |     1 |     4 |     9 ||    14
       Trog's Hand       |       |       |     6 ||     6
 Stab: Sleeping          |     1 |       |       ||     1
Armor: Leather armour    |     7 |       |       ||     7
       Scale mail        |       |    46 |    34 ||    80
       Plate armour      |       |       |    35 ||    35
       Chain mail        |       |       |    12 ||    12
Dodge: Dodged            |    25 |    68 |    66 ||   159

Table legend: (Time is in decaauts)
 A = Elapsed time spent in this place.
 B = Non-inter-level travel time spent in this place.
 C = Inter-level travel time spent in this place.
 D = Time resting spent in this place.
 E = Time spent auto-exploring this place.
 F = Levels seen in this place.
 G = Mean time per level.
                   A        B        C        D        E       F      G
               +--------+--------+--------+--------+--------+-----+--------+
         Total |   5061 |   4916 |    145 |    638 |   3259 |   7 |  723.0 |
       Dungeon |   5061 |   4916 |    145 |    638 |   3259 |   7 |  723.0 |
               +--------+--------+--------+--------+--------+-----+--------+

Top non-repeatable levels by time:
     D:4: 1110 daAuts
     D:5: 858 daAuts
     D:1: 718 daAuts
     D:2: 690 daAuts
     D:6: 639 daAuts
     D:7: 542 daAuts
     D:3: 502 daAuts
